 Dungeon Crawl Stone Soup version 0.27-a0-13-g87abb2d9eb (webtiles) character file.

Game seed: 6283498828790939264

2354 Dirian the Cleaver (level 9, -2/78 HPs)
             Began as a Minotaur Fighter on Jan 2, 2021.
             Was an Initiate of Ru.
             Slain by a rust devil (8 damage)
             ... on level 7 of the Dungeon.
             The game lasted 00:10:07 (6360 turns).

Dirian the Cleaver (Minotaur Fighter)               Turns: 6360, Time: 00:10:08

Health: -2/78      AC: -9    Str: 24    XL:     9   Next: 20%
Magic:  8/8        EV:  6    Int:  5    God:    Ru [......]
Gold:   423        SH: 11    Dex: 10    Spells: 8/8 levels left

rFire    . . .     SeeInvis .   a - +0 war axe
rCold    + . .     Faith    .   g - +1 kite shield
rNeg     . . .     Spirit   .   f - +0 chain mail
rPois    .         Reflect  .   (helmet restricted)
rElec    .         Harm     .   (no cloak)
rCorr    .         Rampage  .   (no gloves)
Will     .....                  (no boots)
Stlth    ..........             (no amulet)
HPRegen  0.23/turn              w - +4 ring of protection
MPRegen  0.11/turn              y - ring of protection from cold

@: mighty, corroded, very slightly contaminated, invisible
A: retaliatory headbutt, horns 2
a: Renounce Religion


You were on level 7 of the Dungeon.
You worshipped Ru.
Ru was noncommittal.
You visited 2 branches of the dungeon, and saw 8 of its levels.
You also visited: Ossuary.

You collected 423 gold pieces.

Inventory:

Hand Weapons
 a - a +0 war axe (weapon)
 s - a +0 war axe
Armour
 f - a +0 chain mail (worn)
 g - a +1 kite shield (worn)
 r - a +0 plate armour
Jewellery
 w - a +4 ring of protection (left hand)
 y - a ring of protection from cold (right hand)
Wands
 b - a wand of enslavement (8)
 e - a wand of disintegration (5)
 u - a wand of paralysis (12)
 v - a wand of digging (5)
Scrolls
 i - a scroll of magic mapping
 t - 3 scrolls of teleportation
 x - a scroll of remove curse
 z - a scroll of enchant armour
Potions
 c - 3 potions of attraction
 j - 2 potions of cancellation {unknown}
 k - 2 potions of haste {unknown}
 l - 2 potions of lignification {unknown}
 m - 4 potions of heal wounds {unknown}
 n - a potion of magic {unknown}
 o - 3 potions of berserk rage {unknown}
 p - 5 potions of curing {unknown}
 q - a potion of flight {unknown}


   Skills:
 + Level 6.8 Fighting
 + Level 10.3 Axes
 + Level 7.4 Armour
 - Level 6.1 Shields
 * Level 2.7 Evocations


You had 8 spell levels left.
You didn't know any spells.
Your spell library contained the following spells:

 Spells                   Type           Power        Failure   Level
 Animate Skeleton         Necr           0%           100%        1
 Apportation              Tloc           0%           100%        1
 Corona                   Hex            0%           100%        1
 Summon Small Mammal      Summ           0%           100%        1
 Sublimation of Blood     Necr           0%           100%        2


Dungeon Overview and Level Annotations

Branches:
Dungeon (7/15)             Temple (1/1) D:5         Ossuary (visited)

Altars:
Ashenzari
Cheibriados
Dithmenos
Elyvilon
Fedhas
Gozag
Hepliaklqana
Kikubaaqudgha
Nemelex Xobeh
Okawaru
Qazlal
Ru
Sif Muna
Trog
Uskayaw
Wu Jian
Yredelemnul
Zin
The Shining One
Lugonu

Shops:
D:5 (

Annotations:
D:3 Jessica


Innate Abilities, Weirdness & Mutations

You reflexively headbutt those who attack you in melee.
You have a pair of horns on your head.


Message History

The rust devil hits you!
* * * LOW HITPOINT WARNING * * *
The rust devil corrodes you!
You hit the rust devil but do no damage.
Your headbutt misses the rust devil.
The rust devil is severely wounded.
The rust devil hits you.
* * * LOW HITPOINT WARNING * * *
The rust devil corrodes you!
You closely miss the rust devil.
You headbutt the rust devil, but do no damage.
The rust devil is severely wounded.
The rust devil hits you!
* * * LOW HITPOINT WARNING * * *
The rust devil corrodes you!
You hit the rust devil but do no damage.
You headbutt the rust devil, but do no damage.
The rust devil is severely wounded.
The rust devil hits you!
You die...

#.# #.#
#.############# #.#
#.###.#............
#.#
#.##...............
#.#
#.....#.###########
#.# #####.#.# #.#
#.#.# #.# #.#.# #.#
####.#.# #.#
#@44.#.#
#.#########.#
#...........#
#.########### ###


You could see 2 rust devils.

Vanquished Creatures
  Pikel (D:6)
  Eustachio (D:4)
  A sky beast (D:6)
  2 orc warriors
  3 ogres
  3 lemures (D:6)
  2 bullfrogs (D:6)
  2 scorpions
  3 wights (D:7)
  A bullfrog zombie (D:6)
  2 orc priests
  3 hounds
  An iron imp (D:5)
  An iguana (D:6)
  7 orc wizards
  2 worker ants (D:6)
  A hound skeleton (D:2)
  8 mummies (Ossuary)
  7 adders
  A white imp (D:6)
  An ufetubus (D:7)
  4 oozes
  An adder skeleton (D:5)
  5 worms
  3 dart slugs (D:1)
  4 leopard geckos
  20 orcs
  4 giant cockroaches
  3 gnoll zombies (Ossuary)
  10 hobgoblins
  8 jackals
  7 kobolds
  5 quokkas
  5 bats
  6 frilled lizards
  8 goblins
  4 hobgoblin zombies (Ossuary)
  A kobold zombie (Ossuary)
  7 rats
158 creatures vanquished.

Notes
Turn   | Place    | Note
-------+----------+-------------------------------------------
     0 | D:1      | Dirian the Minotaur Fighter began the quest for the Orb.
     0 | D:1      | Reached XP level 1. HP: 19/19 MP: 0/0
    89 | D:1      | Reached XP level 2. HP: 27/27 MP: 1/1
   444 | D:1      | Reached XP level 3. HP: 33/33 MP: 2/2
   540 | D:1      | Reached skill level 3 in Axes
   968 | D:2      | Reached XP level 4. HP: 40/40 MP: 3/3
  1439 | D:2      | Found a glowing silver altar of Zin.
  1759 | D:3      | Reached skill level 4 in Axes
  1759 | D:3      | Reached XP level 5. HP: 6/47 MP: 4/4
  1763 | D:3      | HP: 2/47 [something (3)]
  2417 | D:3      | Found a hide-covered altar of Uskayaw.
  2421 | D:3      | Noticed Jessica
  2528 | D:3      | Reached skill level 5 in Armour
  2883 | D:4      | Found a glowing golden altar of the Shining One.
  2908 | D:4      | Reached skill level 5 in Axes
  2908 | D:4      | Reached XP level 6. HP: 44/55 MP: 5/5
  3029 | D:4      | Found a sand-covered staircase.
  3029 | D:4      | Noticed Eustachio
  3051 | D:4      | Killed Eustachio
  3052 | D:4      | Reached skill level 5 in Fighting
  3052 | D:4      | Reached skill level 5 in Shields
  3057 | Ossuary  | Entered an ossuary
  3101 | Ossuary  | Reached skill level 6 in Axes
  3178 | Ossuary  | Reached XP level 7. HP: 61/61 MP: 6/6
  3616 | D:4      | Found a hazy altar of Hepliaklqana.
  3940 | D:4      | Reached skill level 7 in Axes
  4047 | D:4      | Found a white marble altar of Elyvilon.
  4139 | D:5      | Entered Level 5 of the Dungeon
  4193 | D:5      | Found an ancient bone altar of Kikubaaqudgha.
  4208 | D:5      | Found a snail-covered altar of Cheibriados.
  4280 | D:5      | Found a staircase to the Ecumenical Temple.
  4413 | D:5      | Found Ifupo's Antique Weapon Shop.
  4537 | D:5      | Found an opulent altar of Gozag.
  4730 | Temple   | Entered the Ecumenical Temple
  4769 | Temple   | Became a worshipper of Ru the Awakened
  4814 | D:6      | Noticed Pikel
  4836 | D:6      | Killed Pikel
  4837 | D:6      | Reached skill level 8 in Axes
  4837 | D:6      | Reached XP level 8. HP: 48/70 MP: 7/7
  5123 | D:6      | Reached skill level 9 in Axes
  5148 | D:6      | Reached skill level 1 in Evocations
  5178 | D:6      | Found an ornate altar of the Wu Jian Council.
  5581 | D:6      | Found a bloodstained altar of Trog.
  5596 | D:6      | Reached skill level 10 in Axes
  5596 | D:6      | Reached XP level 9. HP: 50/78 MP: 8/8
  5724 | D:6      | Found a shimmering blue altar of Sif Muna.
  5731 | D:6      | Identified Sif Muna's Handbook of Dark Arts
  5745 | D:6      | Found an iron altar of Okawaru.
  6294 | D:7      | Found a sparkling altar of Nemelex Xobeh.
  6341 | D:6      | Noticed a rust devil
  6341 | D:6      | Noticed a rust devil
  6360 | D:7      | Slain by a rust devil

Illustrated notes

Levels and vault maps discovered:
D:1:      dpeg_arrival_pond, layout_basic, minmay_heptomino_w4
D:2:      layout_loops_ring, zin_statuary
D:3:      layout_loops_corners, nicolae_overflow_hidden_temple, uniq_jessica
D:4:      layout_basic, nzn_hepliaklqana_mist_gate,
          nicolae_overflow_crystal_walls, elyvilon_altar_1, enter_ossuary_2,
          uniq_eustachio
D:5:      layout_loops_ring, kiku_gazebo_pond_becter, slow_altar_1,
          lemuel_round_altar, minmay_temple_entry_stoned_glass, serial_shops,
          kennysheep_mini, minmay_misc_feat_roman, feat_on_display
D:6:      cheibrodos_iron_armory, layout_gridville,
          nzn_overflow_gifts_of_might_and_magic,
          pdpol_wu_jian_five_deadly_venoms, basic_altar, uniq_pikel
D:7:      layout_basic, nemelex_xobeh_ov_fountains_minmay, marbit_many_paths,
          grunt_decor_cap, zaba_anthole
Temple:   corrupted_temple

Skill      XL: |  1  2  3  4  5  6  7  8 |
---------------+-------------------------+-----
Fighting       | 4 5 6 |  6.8
Armour         | 4 5 6 7 |  7.4
Shields        | 4 5 6 |  6.1
Axes           | 3 4 5 6 8 10 | 10.3
Evocations     | 2 |  2.7

Action                   |  1- 3 |  4- 6 |  7- 9 || total
-------------------------+-------+-------+-------++-------
Melee: War axe           |    61 |   182 |   215 ||   458
       Headbutt          |    11 |    31 |    48 ||    90
  Use: Scroll            |       |     6 |     6 ||    12
       Potion            |       |       |     2 ||     2
 Stab: Invisible         |       |       |     1 ||     1
Armor: Scale mail        |    39 |    67 |       ||   106
       Chain mail        |       |    18 |    81 ||    99
Dodge: Dodged            |     9 |    40 |    37 ||    86
Block: Kite shield       |    43 |    89 |   108 ||   240

Table legend: (Time is in decaauts)
 A = Elapsed time spent in this place.
 B = Non-inter-level travel time spent in this place.
 C = Inter-level travel time spent in this place.
 D = Time resting spent in this place.
 E = Time spent auto-exploring this place.
 F = Levels seen in this place.
 G = Mean time per level.
                   A        B        C        D        E       F      G
               +--------+--------+--------+--------+--------+-----+--------+
         Total |   6481 |   6256 |    225 |      0 |   5072 |   9 |  720.1 |
       Dungeon |   6125 |   5900 |    225 |      0 |   4825 |   7 |  875.0 |
        Temple |     52 |     52 |      0 |      0 |     26 |   1 |   52.0 |
       Ossuary |    302 |    302 |      0 |      0 |    221 |   1 |  302.0 |
               +--------+--------+--------+--------+--------+-----+--------+

Top non-repeatable levels by time:
     D:6: 1322 daAuts
     D:3: 1167 daAuts
     D:4: 1003 daAuts
     D:1: 921 daAuts
     D:2: 846 daAuts
     D:5: 617 daAuts
 Ossuary: 302 daAuts
     D:7: 246 daAuts
  Temple: 52 daAuts
